 Dungeon Crawl Stone Soup version 0.20.1-1-g8b1a95d (webtiles) character file.

16020 raph the Spear-Bearer (level 12, -3/91 HPs)
             Began as a Merfolk Skald on Sept 22, 2017.
             Was a Priest of Kikubaaqudgha.
             Slain by a six-headed hydra (13 damage)
             ... on level 3 of the Lair of Beasts.
             The game lasted 00:50:43 (16456 turns).

raph the Spear-Bearer (Merfolk Skald)              Turns: 16456, Time: 00:50:43

Health: -3/91      AC: 11    Str: 12    XL:     12   Next: 33%
Magic:  10/22      EV: 13    Int: 14    God:    Kikubaaqudgha [***...]
Gold:   732        SH:  0    Dex: 16    Spells: 0/24 levels left

rFire    . . .     SeeInvis .   h - +1 trident (pain)
rCold    . . .     Gourm    .   (no shield)
rNeg     + + .     Faith    .   t - +3 leather armour {rN+}
rPois    .         Spirit   .   (no helmet)
rElec    .         Reflect  .   F - +0 cloak
rCorr    .         Harm     .   o - +2 pair of gloves
MR       .....                  R - +0 pair of boots
Stlth    +.........             (no amulet)
Regen    1.3/turn               L - ring of positive energy
MPRegen  0.2/turn               Q - +6 ring of slaying

@: very slightly contaminated, regenerating, hasted, very quick
A: change form in water, swift swim, stealthy swim
a: Receive Corpses, Renounce Religion


You were on level 3 of the Lair of Beasts.
You worshipped Kikubaaqudgha.
Kikubaaqudgha was most pleased with you.
You were not hungry.

You visited 3 branches of the dungeon, and saw 14 of its levels.

You collected 732 gold pieces.

Inventory:

Hand Weapons
 a - a +0 spear
 h - a +1 trident of pain (weapon)
Missiles
 e - 20 tomahawks (quivered)
 C - 7 silver tomahawks
 E - 6 tomahawks of returning
Armour
 o - a +2 pair of gloves (worn)
 t - a +3 leather armour of positive energy (worn)
 F - a +0 cloak (worn)
 H - a scarf of spirit shield
 J - a +0 troll leather armour
 R - a +0 pair of boots (worn)
Jewellery
 L - a ring of positive energy (left hand)
 Q - a +6 ring of slaying (right hand)
 S - an uncursed ring of see invisible {unknown}
Wands
 i - a wand of flame (48/48)
 l - a wand of flame (29/48)
 m - a wand of flame (36/48)
 s - a wand of lightning (1/15)
 I - a wand of acid (5/15)
 N - a wand of paralysis (7/24)
 P - a wand of lightning (5/15)
Scrolls
 k - 4 scrolls of remove curse
 n - 2 scrolls of fog
 w - a scroll of magic mapping
 y - 5 scrolls of teleportation
 G - 3 scrolls of recharging
 K - 4 scrolls of identify
Potions
 f - a potion of curing
 j - 4 potions of brilliance
 p - a potion of might
 r - 4 potions of agility
 u - 3 potions of magic
 v - a potion of cancellation
 z - 2 potions of haste
 A - 2 potions of heal wounds
 B - 4 potions of flight
 D - a potion of resistance
Books
 b - a book of Necromancy

   Spells                             Type                      Level
   a - Pain                           Necromancy                   1
   b - Animate Skeleton               Necromancy                   1
   c - Vampiric Draining              Necromancy                   3
   d - Regeneration                   Charms/Necromancy            3
   e - Animate Dead                   Necromancy                   4
   f - Control Undead                 Necromancy                   4
 c - a book of Battle

   Spells                             Type                      Level
   a - Infusion                       Charms                       1
   b - Shroud of Golubria             Charms/Translocation         2
   c - Song of Slaying                Charms                       2
   d - Spectral Weapon                Hexes/Charms                 3
   e - Regeneration                   Charms/Necromancy            3
 x - Kikubaaqudgha's Volume of Darkness
   (Kikubaaqudgha gifted it to you on level 7 of the Dungeon)

   Spells                             Type                      Level
   a - Animate Skeleton               Necromancy                   1
   b - Corpse Rot                     Necromancy                   2
   c - Sublimation of Blood           Necromancy                   2
   d - Regeneration                   Charms/Necromancy            3
   e - Control Undead                 Necromancy                   4
 O - Kikubaaqudgha's Compendium of Unholy Rites
   (Kikubaaqudgha gifted it to you on level 10 of the Dungeon)

   Spells                             Type                      Level
   a - Animate Dead                   Necromancy                   4
   b - Excruciating Wounds            Charms/Necromancy            5
   c - Bolt of Draining               Conjuration/Necromancy       5
   d - Dispel Undead                  Necromancy                   5
   e - Death Channel                  Necromancy                   6
Comestibles
 d - 11 bread rations
 g - 5 meat rations
 q - 2 royal jellies
 M - 5 fruits


   Skills:
 - Level 7.6 Fighting
 + Level 14.1 Polearms
 - Level 0.6 Armour
 - Level 2.6 Dodging
 - Level 6.7 Spellcasting
 - Level 6.3 Hexes
 * Level 10.3 Charms
 * Level 7.1 Necromancy
 - Level 1.4 Translocations


You couldn't memorise any spells.
You knew the following spells:

 Your Spells              Type           Power        Failure   Level  Hunger
a - Infusion              Chrm           ####         1%          1    None
b - Song of Slaying       Chrm           ####....     1%          2    #......
c - Shroud of Golubria    Chrm/Tloc      ###.......   2%          2    #......
d - Spectral Weapon       Hex/Chrm       ####....     1%          3    ##.....
e - Regeneration          Chrm/Necr      ####......   1%          3    ##.....
f - Animate Skeleton      Necr           N/A          1%          1    None
g - Excruciating Wounds   Chrm/Necr      ####......   14%         5    ######.
h - Corpse Rot            Necr           N/A          1%          2    #......
i - Pain                  Necr           ###.         1%          1    None
j - Animate Dead          Necr           N/A          10%         4    ####...


Dungeon Overview and Level Annotations

Branches:
Dungeon (10/15)            Temple (1/1) D:6            Lair (3/6) D:10
  Swamp: Lair:2-4    Shoals: Lair:2-4     Snake: Lair:2-4    Spider: Lair:2-4
    Orc: D:9-12

Altars:
Ashenzari
Cheibriados
Dithmenos
Fedhas
Gozag
Hepliaklqana
Kikubaaqudgha
Makhleb
Nemelex Xobeh
Okawaru
Qazlal
Ru
Sif Muna
Trog
Uskayaw
Vehumet
Xom
Yredelemnul
The Shining One

Shops:
D:4 (

Annotations:
D:4 Thaneod's ghost, amateur DEFE


Message History

You hit the six-headed hydra.
The six-headed hydra is moderately wounded.
The six-headed hydra bites you but does no damage.
Your shroud bends the six-headed hydra's attack away. x2
The six-headed hydra barely misses you. The six-headed hydra bites you.
The six-headed hydra bites you!
Your shroud falls apart!
The spiny frog stings you but does no damage.
You feel yourself speed up.
The six-headed hydra bites you but does no damage.
The six-headed hydra completely misses you.
The six-headed hydra bites you!
* * * LOW HITPOINT WARNING * * *
The six-headed hydra bites you!
* * * LOW HITPOINT WARNING * * *
The six-headed hydra bites you.
* * * LOW HITPOINT WARNING * * *
The six-headed hydra bites you!
You die...
Kikubaaqudgha rasps: "You have failed me!
Welcome... death!"

# .. ## ######
...#.####P#..#
#...[..D..##
..##.....@F..#P#
...............#
.................
.................
......!..........
................#
................#
#.........#...#.#
##.....########


You could see a six-headed hydra and a spiny frog.

Vanquished Creatures
  Harold (Lair:1)
  2 two-headed ogres (D:8)
  Sonja (D:10)
  A black mamba (Lair:2)
  Psyche (D:10)
  2 spiny frogs
  A komodo dragon (Lair:1)
  2 trolls
  A hornet (D:7)
  6 hippogriffs
  18 yaks
  2 basilisks
  3 hungry ghosts (D:9)
  A steam dragon (D:9)
  4 water moccasins
  6 porcupines
  5 black bears
  3 sky beasts
  3 ice beasts
  2 orc warriors
  5 ogres
  A phantom (D:5)
  8 centaurs
  A big kobold (D:9)
  6 crocodiles
  4 bullfrogs
  Blork the orc (D:6)
  2 scorpions
  11 killer bees (D:9)
  8 wights
  A howler monkey (D:8)
  2 centaur zombies
  3 crimson imps
  A quasit (D:10)
  3 hounds
  A jelly (D:9)
  A bullfrog skeleton (D:6)
  4 orc priests
  A centaur skeleton (D:6)
  5 orc wizards
  Ijyb (D:3)
  11 worker ants
  A hound zombie (D:7)
  3 worker ant zombies
  7 gnolls
  2 howler monkey skeletons
  17 adders
  A shadow imp (D:6)
  2 oozes (D:2)
  2 adder zombies
  An adder skeleton (D:4)
  4 dart slugs
  8 leopard geckos
  37 orcs
  A ball python (D:3)
  2 giant cockroaches
  10 hobgoblins
  6 jackals
  7 kobolds
  5 quokkas
  8 bats
  3 frilled lizards
  13 goblins
  A jackal zombie (D:9)
  6 rats
293 creatures vanquished.

Vanquished Creatures (collateral kills)
  A spiny frog (Lair:2)
  5 yaks
  A gnoll sergeant (D:10)
  A killer bee (D:9)
  A howler monkey (D:8)
  2 gnolls (D:10)
  An adder (D:9)
  An adder zombie (D:8)
  An orc (D:8)
  A quokka (D:8)
  A plant (D:10)
16 creatures vanquished.

Vanquished Creatures (others)
  A jackal (D:5)
  A bush (Lair:1)
  A fungus (Lair:2)
  14 spectral weapons
17 creatures vanquished.

Grand Total: 326 creatures vanquished

Notes
Turn   | Place    | Note
-------+----------+-------------------------------------------
     0 | D:1      | raph the Merfolk Skald began the quest for the Orb.
     0 | D:1      | Reached XP level 1. HP: 16/16 MP: 3/3
   226 | D:1      | Reached XP level 2. HP: 21/22 MP: 0/5
   237 | D:1      | Learned a level 2 spell: Song of Slaying
   240 | D:1      | Learned a level 2 spell: Shroud of Golubria
   500 | D:1      | Reached skill level 4 in Polearms
   655 | D:2      | Found a shattered altar of Ashenzari.
   664 | D:2      | Reached XP level 3. HP: 27/27 MP: 0/6
   966 | D:2      | Found a sparkling altar of Nemelex Xobeh.
  1116 | D:2      | Found a glowing golden altar of the Shining One.
  1117 | D:2      | Found an opulent altar of Gozag.
  1250 | D:2      | Reached XP level 4. HP: 26/33 MP: 3/7
  1360 | D:2      | You fall through a shaft!
  1656 | D:3      | Reached skill level 5 in Polearms
  2307 | D:3      | Reached XP level 5. HP: 35/39 MP: 3/8
  2607 | D:3      | Noticed an ogre
  2626 | D:3      | Killed an ogre
  2626 | D:3      | Reached skill level 6 in Polearms
  2626 | D:3      | Reached skill level 1 in Translocations
  2626 | D:3      | Reached XP level 6. HP: 38/46 MP: 0/9
  2772 | D:3      | Noticed Ijyb
  2797 | D:3      | HP: 2/46 [Ijyb/enchanted club (7)]
  2817 | D:3      | Killed Ijyb
  3312 | D:4      | Learned a level 3 spell: Spectral Weapon
  3329 | D:4      | Reached skill level 5 in Charms
  3403 | D:4      | Noticed Thaneod's ghost (amateur DEFE)
  3514 | D:4      | Found Umpeidit's Weapon Shop.
  3852 | D:4      | Reached skill level 7 in Polearms
  3955 | D:4      | Reached XP level 7. HP: 48/52 MP: 7/11
  4315 | D:4      | Learned a level 3 spell: Regeneration
  4409 | D:5      | Entered Level 5 of the Dungeon
  4603 | D:5      | Found a radiant altar of Vehumet.
  5107 | D:5      | Reached skill level 1 in Hexes
  5475 | D:6      | Reached XP level 8. HP: 58/60 MP: 4/13
  5571 | D:6      | Noticed Blork the orc
  5588 | D:6      | Killed Blork the orc
  5588 | D:6      | Reached skill level 8 in Polearms
  6581 | D:6      | Found a staircase to the Ecumenical Temple.
  6590 | Temple   | Entered the Ecumenical Temple
  6676 | Temple   | Became a worshipper of Kikubaaqudgha
  6722 | D:6      | Reached skill level 1 in Necromancy
  6883 | D:6      | Reached skill level 9 in Polearms
  7206 | D:7      | Reached XP level 9. HP: 66/66 MP: 8/14
  7220 | D:7      | Noticed a hornet
  7229 | D:7      | HP: 1/66 [ogre/giant spiked club (13)]
  7620 | D:7      | Paralysed by a hornet for 3 turns
  7627 | D:7      | Killed a hornet
  7950 | D:7      | Reached * piety under Kikubaaqudgha
  7950 | D:7      | Identified Kikubaaqudgha's Volume of Darkness (Kikubaaqudgha gifted it to you on level 7 of the Dungeon)
  7950 | D:7      | Received a gift from Kikubaaqudgha
  7955 | D:7      | Learned a level 1 spell: Animate Skeleton
  8146 | D:7      | Reached skill level 10 in Polearms
  8243 | D:7      | Reached skill level 5 in Fighting
  8288 | D:7      | Learned a level 3 spell: Vampiric Draining
  8743 | D:8      | Noticed a two-headed ogre
  8755 | D:8      | Killed a two-headed ogre
  8755 | D:8      | Reached skill level 11 in Polearms
  8755 | D:8      | Reached XP level 10. HP: 50/74 MP: 12/16
  8991 | D:8      | Found a shattered altar of Ashenzari.
  8991 | D:8      | Noticed a two-headed ogre
  9001 | D:8      | Killed a two-headed ogre
  9144 | D:8      | Reached skill level 5 in Spellcasting
  9555 | D:8      | Reached skill level 5 in Hexes
 10145 | D:9      | Learned a level 2 spell: Corpse Rot
 10166 | D:9      | Reached skill level 12 in Polearms
 10236 | D:9      | Reached ** piety under Kikubaaqudgha
 10239 | D:9      | Reached skill level 5 in Necromancy
 10254 | D:9      | Reached XP level 11. HP: 59/83 MP: 1/19
 10658 | D:9      | Learned a level 1 spell: Pain
 12410 | D:10     | Entered Level 10 of the Dungeon
 12536 | D:10     | Found a staircase to the Lair.
 12859 | D:10     | Reached skill level 13 in Polearms
 12939 | D:10     | Reached *** piety under Kikubaaqudgha
 12939 | D:10     | Identified Kikubaaqudgha's Compendium of Unholy Rites (Kikubaaqudgha gifted it to you on level 10 of the Dungeon)
 12939 | D:10     | Received a gift from Kikubaaqudgha
 12967 | D:10     | Learned a level 4 spell: Animate Dead
 13068 | D:10     | Noticed Psyche
 13072 | D:10     | Killed Psyche
 13087 | D:10     | Noticed Sonja
 13094 | D:10     | Killed Sonja
 13941 | Lair:1   | Entered Level 1 of the Lair of Beasts
 14427 | Lair:1   | Noticed Harold
 14452 | Lair:1   | Killed Harold
 14452 | Lair:1   | Reached XP level 12. HP: 85/91 MP: 11/22
 14563 | Lair:1   | Learned a level 5 spell: Excruciating Wounds
 15560 | Lair:2   | Reached skill level 10 in Charms
 15789 | Lair:2   | Reached skill level 14 in Polearms
 16440 | Lair:3   | Noticed a six-headed hydra
 16456 | Lair:3   | Slain by a six-headed hydra

Skill      XL: |  1  2  3  4  5  6  7  8  9 10 11 12 |
---------------+-------------------------------------+-----
Polearms       | 4 5 6 7 9 11 12 13 14 | 14.1
Charms         | 4 5 7 8 9 10 | 10.3
Translocations | 1 |  1.4
Fighting       | 3 4 5 6 7 |  7.6
Spellcasting   | 3 4 5 6 |  6.7
Hexes          | 1 3 4 5 6 |  6.3
Necromancy     | 1 3 5 6 7 |  7.1
Armour         | |  0.6
Dodging        | |  2.6

Action                   |  1- 3 |  4- 6 |  7- 9 | 10-12 || total
-------------------------+-------+-------+-------+-------++-------
Melee: Spear             |    83 |   336 |   206 |       ||   625
       Trident           |       |       |   203 |   585 ||   788
       Tailslap          |       |       |     2 |       ||     2
Throw: Tomahawk          |       |       |     2 |       ||     2
 Cast: Infusion          |    18 |    20 |    14 |    16 ||    68
       Song of Slaying   |       |     6 |     4 |     1 ||    11
       Shroud of Golubri |       |    10 |    23 |    49 ||    82
       Spectral Weapon   |       |       |    34 |    58 ||    92
       Regeneration      |       |       |     2 |    26 ||    28
       Animate Skeleton  |       |       |     6 |    34 ||    40
       Vampiric Draining |       |       |       |     1 ||     1
       Pain              |       |       |       |     3 ||     3
       Animate Dead      |       |       |       |    12 ||    12
       Excruciating Woun |       |       |       |    10 ||    10
       Corpse Rot        |       |       |       |     1 ||     1
Invok: Receive Corpses   |       |       |       |     1 ||     1
Evoke: Wand              |       |       |       |     2 ||     2
  Use: Potion            |       |     2 |     3 |     1 ||     6
       Scroll            |       |       |    20 |    10 ||    30
 Stab: Sleeping          |     2 |     2 |     1 |       ||     5
       Distracted        |       |       |     1 |     5 ||     6
  Eat: Chunk             |     2 |    10 |    14 |    33 ||    59
       Meat ration       |       |       |     1 |     1 ||     2
       Fruit             |       |       |     2 |     7 ||     9
Armor: Leather armour    |    13 |   100 |   130 |   140 ||   383
       Skin              |       |    10 |       |       ||    10
Dodge: Dodged            |    31 |   168 |   207 |   299 ||   705
